 Dungeon Crawl Stone Soup version 0.30.1-11-g7821555f0a (webtiles) character file.

Game seed: 6263535996351127984

5450 Kritzelbot the Basher (level 10, 0/64 HPs)
             Began as a Gargoyle Fighter on Nov 19, 2023.
             Was an Initiate of Ignis.
             Killed from afar by a rime drake (11 damage)
             ... with an icy flash freeze
             ... on level 9 of the Dungeon.
             The game lasted 00:45:32 (6672 turns).

Kritzelbot the Basher (Gargoyle Fighter)            Turns: 6672, Time: 00:45:32

Health: 0/64       AC: 24    Str: 31    XL:     10   Next: 68%
Magic:  10/10      EV:  8    Int:  8    God:    Ignis [......]
Gold:   515        SH:  5    Dex:  9    Spells: 9/9 levels left

rFire   + . .        S - +5 war axe
rCold   . . .        c - +0 buckler
rNeg    + . .        X - +0 plate armour
rPois   ∞            (no helmet)
rElec   +            (no cloak)
rCorr   .            w - +1 Delatra's gloves {ID++}
SInv    .            k - +0 pair of boots
Will    .....        g - amulet of regeneration Stlth
                     V - +4 ring of slaying
HPRegen 1.10/turn    Q - +6 ring of strength
MPRegen 0.12/turn

%: no passive effects
@: mighty
A: sickness immunity, AC +7, negative energy resistance 1, electricity
resistance, torment resistance 1, petrification resistance
a: Renounce Religion, Rising Flame


You were on level 9 of the Dungeon.
You worshipped Ignis.
Ignis was noncommittal.
You visited 1 branch of the dungeon, and saw 8 of its levels.

You collected 515 gold pieces.

Inventory:

Hand Weapons
 a - a +0 flail
 e - a +0 sling
 C - a +0 club
 K - a +0 mace
 M - a +0 halberd of protection
 R - a +0 dire flail
 S - a +5 war axe (weapon)
 Y - a +0 short sword
Missiles
 l - 3 atropa-tipped darts (quivered)
 o - 22 poisoned darts
 B - 50 stones
 H - 4 curare-tipped darts
 P - 4 boomerangs
Armour
 b - a +0 scale mail
 c - a +0 buckler (worn)
 k - a +0 pair of boots (worn)
 m - a +0 pair of gloves
 w - the +1 Delatra's gloves (worn) {ID++}
   (You found it on level 2 of the Dungeon)

   ID++:      It heals its wearer when they drink unknown potions, and restores
   their MP when they read unknown scrolls.
 D - a +0 ring mail
 X - a +0 plate armour (worn)
Jewellery
 f - a ring of resist corrosion
 g - an amulet of regeneration (around neck)
 y - an amulet of magic regeneration
 Q - a +6 ring of strength (right hand)
 U - a ring of protection from cold
 V - a +4 ring of slaying (left hand)
 Z - a +6 ring of dexterity
Wands
 N - a wand of acid (7)
 T - a wand of iceblast (9)
Scrolls
 h - 2 scrolls of vulnerability {unknown}
 i - 2 scrolls of fear {unknown}
 j - a scroll of silence {unknown}
 p - 4 scrolls of immolation {unknown}
 q - 6 scrolls of identify {unknown}
 s - 2 scrolls of teleportation {unknown}
 t - a scroll of acquirement {unknown}
 G - 2 scrolls of noise {unknown}
 J - a scroll of fog {unknown}
 L - a scroll of butterflies {unknown}
 O - a scroll of enchant armour {unknown}
 W - a scroll of poison {unknown}
Potions
 d - 2 potions of might
 n - 2 potions of brilliance {unknown}
 r - 2 potions of mutation {unknown}
 u - a potion of resistance {unknown}
 v - 2 potions of attraction {unknown}
 x - 3 potions of invisibility {unknown}
 z - 3 potions of curing {unknown}
 A - 2 potions of flight {unknown}
 E - 2 potions of haste {unknown}
 F - a potion of lignification {unknown}
 I - 2 potions of heal wounds {unknown}


   Skills:
 + Level 7.9 Fighting
 + Level 6.3(8.0) Axes
 + Level 8.2(9.3) Maces & Flails
 + Level 7.9 Armour
 + Level 3.3 Dodging
 + Level 2.0 Stealth
 + Level 6.1 Shields


You had 9 spell levels left.
You didn't know any spells.
Your spell library contained the following spells:

 Spells                   Type           Power      Damage    Failure   Level
 Slow                     Hex            0%         N/A       98%         1
 Ensorcelled Hibernation  Hex/Ice        0%         N/A       99%         2
 Passwall                 Tmut/Erth      0%         N/A       99%         2
 Call Canine Familiar     Summ           0%         N/A       100%        3
 Confusing Touch          Hex            0%         N/A       100%        3
 Portal Projectile        Hex/Tloc       0%         N/A       100%        3
 Stone Arrow              Conj/Erth      0%         3d7       100%        3
 Swiftness                Air            0%         N/A       100%        3
 Tukima's Dance           Hex            0%         N/A       100%        3
 Vampiric Draining        Necr           0%         2d6       100%        3
 Animate Armour           Summ/Erth      0%         N/A       100%        4
 Dispel Undead            Necr           0%         3d6       100%        4
 Leda's Liquefaction      Hex/Erth       0%         N/A       100%        4
 Blade Hands              Tmut           0%         N/A       100%        5
 Death Channel            Necr           0%         N/A       100%        6
 Lehudib's Crystal Spear  Conj/Erth      0%         10d2      100%        8
 Cigotuvi's Dreadful Rot  Necr/Pois/Air  Unusable   N/A       N/A         2

Dungeon Overview and Level Annotations

Branches:
Dungeon (9/15)             Temple (0/1) D:5
   Lair: D:8-11         Orc: D:9-12

Altars:
Ashenzari
Cheibriados
Hepliaklqana
Okawaru
Trog
Zin
Ignis


Innate Abilities, Weirdness & Mutations

You are immune to sickness and miasma.
Your stone body is resilient. (AC +7)
You are immune to poison.
You resist negative energy. (rN+)
You are resistant to electric shocks. (rElec)
You are resistant to unholy torment.
You are immune to petrification.


Message History

You kill the ice beast!
The orc priest looks encouraged for a moment.
You slice the orc!!
You kill the orc!
You block the orc's attack.
The orc priest miscasts a cantrip.
The orc hits you with a +0 trident.
Things that are here:
a +0 dagger; a +0 ring mail; an orc corpse You slice the orc!!
You kill the orc!
You slash something!
Reactivating autopickup.
You feel a bit more experienced.
The orc priest calls down the wrath of Beogh upon you.
Beogh smites you!
You hit the orc.
The orc is severely wounded.
The orc priest calls down the wrath of Beogh upon you.
Beogh smites you! The orc hits you but does no damage.
You closely miss the orc.
The orc is severely wounded.
The orc hits you but does no damage.
You slice the orc!!
You kill the orc!
You slice the orc priest!!
You kill the orc priest!
Items here: )))) [[ ††.
The rime drake hisses angrily.
Things that are here:
a +0 dagger; a +0 ring mail; an orc corpse The rime drake breathes ice at you.
The icy flash freeze hits you!!
Ouch! That really hurt!
* * * LOW HITPOINT WARNING * * *
You are encased in ice.
The ice encasing you melts away. The rime drake breathes ice at you.
The icy flash freeze hits you!
You die...

###### ...... ######### ......
###.......# ......
#########.........#### ......
..........#.....@....# ......
###########.....(.##k######......
##)#######.))..k'...... #)##
########...... #..# ...... ##.#
###### .# '# ..


You could see a rime drake (catching breath).

Vanquished Creatures
  A two-headed ogre (D:9)
  Joseph (D:7)
  A polar bear (D:9)
  A wyvern (D:7)
  A yak (D:8)
  3 steam dragons
  4 water moccasins
  2 sky beasts (D:7)
  3 orc warriors (D:8)
  9 ice beasts
  A black bear (D:7)
  3 centaurs (D:8)
  2 wolves
  A phantom (D:7)
  2 kobold brigands
  4 bullfrogs
  2 scorpions (D:7)
  9 wights (D:8)
  2 orc priests
  A hound (D:5)
  A sleepcap (D:7)
  Natasha (thrice) (D:2)
  An iguana (D:5)
  3 orc wizards
  A gnoll (D:7)
  4 adders
  A worm (D:3)
  3 dart slugs
  7 orcs
  2 endoplasms
  2 giant cockroaches
  4 goblins
  10 hobgoblins
  8 jackals
  A quokka (D:4)
  4 ball pythons
  6 bats
  2 frilled lizards
  10 kobolds
  5 rats
131 creatures vanquished.

Vanquished Creatures (others)
  An orc wizard (D:8)
  19 foxfires
20 creatures vanquished.

Grand Total: 151 creatures vanquished

Notes
Turn   | Place    | Note
-------+----------+-------------------------------------------
     0 | D:1      | Kritzelbot the Gargoyle Fighter began the quest for the
                  | Orb.
     0 | D:1      | Reached XP level 1. HP: 14/14 MP: 1/1
   343 | D:1      | Reached XP level 2. HP: 17/19 MP: 2/2
  1340 | D:2      | Noticed Natasha
  1344 | D:2      | Killed Natasha
  1345 | D:2      | Reached XP level 3. HP: 24/24 MP: 3/3
  1441 | D:2      | Noticed Natasha
  1449 | D:2      | Killed Natasha
  1450 | D:2      | Reached XP level 4. HP: 29/29 MP: 4/4
  1607 | D:2      | Found a faded altar of an unknown god.
  1615 | D:2      | Prayed at the altar of an unknown god.
  1615 | D:2      | Became a worshipper of Ignis, the Dying Flame
  1821 | D:2      | Found the +1 Delatra's gloves {ID++}
  1975 | D:2      | Noticed Natasha
  1990 | D:2      | Killed Natasha
  2479 | D:3      | Reached XP level 5. HP: 33/33 MP: 5/5
  2522 | D:3      | Reached skill level 1 in Dodging
  2761 | D:3      | Found a hazy altar of Hepliaklqana.
  2763 | D:3      | Found a broken altar of Ashenzari.
  2764 | D:3      | Found a bloodstained altar of Trog.
  2766 | D:3      | Found an iron altar of Okawaru.
  2767 | D:3      | Found a snail-covered altar of Cheibriados.
  3496 | D:4      | Reached skill level 3 in Maces & Flails
  3551 | D:4      | Noticed an ice beast
  3563 | D:4      | Killed an ice beast
  3564 | D:4      | Reached XP level 6. HP: 39/39 MP: 6/6
  4232 | D:5      | Entered Level 5 of the Dungeon
  4237 | D:5      | Found a staircase to the Ecumenical Temple.
  4324 | D:5      | You fall into a shaft and drop 2 floors!
  4376 | D:7      | Noticed a black bear
  4378 | D:7      | Noticed a wyvern
  4388 | D:7      | Killed a wyvern
  4389 | D:7      | Reached skill level 4 in Maces & Flails
  4389 | D:7      | Reached skill level 5 in Armour
  4389 | D:7      | Reached XP level 7. HP: 37/44 MP: 7/7
  4458 | D:7      | Reached skill level 5 in Fighting
  4458 | D:7      | Reached skill level 5 in Maces & Flails
  4702 | D:7      | Reached XP level 8. HP: 43/49 MP: 8/8
  4727 | D:7      | Reached skill level 6 in Maces & Flails
  4877 | D:7      | Noticed Joseph
  4896 | D:7      | Killed Joseph
  4897 | D:7      | Reached skill level 7 in Maces & Flails
  4972 | D:7      | Reached XP level 9. HP: 55/55 MP: 9/9
  5021 | D:7      | Found a glowing silver altar of Zin.
  5021 | D:7      | Noticed an angel
  5330 | D:8      | Reached skill level 5 in Shields
  5398 | D:8      | Reached skill level 8 in Maces & Flails
  5555 | D:8      | Reached skill level 1 in Axes
  5966 | D:8      | Reached XP level 10. HP: 48/63 MP: 10/10
  6306 | D:9      | Noticed a two-headed ogre
  6334 | D:9      | Reached skill level 5 in Axes
  6363 | D:9      | Killed a two-headed ogre
  6672 | D:9      | Killed from afar by a rime drake

Illustrated notes

Levels and vault maps discovered:
D:1:      ncdulo_smallfort, layout_basic, chequers_jeans,
          minmay_misc_feat_enclosed, minmay_hedge_maze
D:2:      layout_basic, basic_ecumenical_altar, minmay_misc_feat_columns,
          minmay_misc_feat_rugged, uniq_natasha
D:3:      layout_loops_cross, grunt_temple_overflow_open, kennysheep_nub,
          nicolae_elevator_lobby_plus
D:4:      layout_cave_pods
D:5:      layout_basic, minmay_temple_entry_junction, portal_sewer_entry_a,
          minmay_statues_item
D:7:      layout_loops_ring, zin_angel, kennysheep_generic_room_5, uniq_joseph
D:8:      layout_loops_ring, amcnicky_mini_corridor_feature, st_stairs_13,
          grunt_tough_drop
D:9:      layout_roguey, hellmonk_lair_entry_icy

Skill      XL: |  1  2  3  4  5  6  7  8  9 10 |
---------------+-------------------------------+-----
Fighting       | 4 5 6 7 |  7.9
Armour         | 4 5 6 7 |  7.9
Dodging        | 1 2 3 |  3.3
Maces & Flails | 3 4 5 7 8 |  8.2
Shields        | 4 5 6 |  6.1
Axes           | 3 6 |  6.3
Stealth        | 2 |  2.0

Action                     |  1- 3 |  4- 6 |  7- 9 | 10-12 || total
---------------------------+-------+-------+-------+-------++-------
  Melee: Flail             |   256 |   174 |     2 |       ||   432
         Mace              |       |       |   129 |       ||   129
         War axe           |       |       |    83 |    94 ||   177
 Invoke: Fiery Armour      |       |     3 |     4 |       ||     7
         Foxfire Swarm     |       |       |     3 |       ||     3
    Use: Potion            |       |       |       |     1 ||     1
 Armour: Scale mail        |    32 |   115 |   136 |       ||   283
         Plate armour      |       |       |    32 |    99 ||   131
  Dodge: Dodged            |    27 |   121 |    84 |    39 ||   271
  Block: Buckler           |    14 |    46 |    39 |    33 ||   132
